 Dungeon Crawl Stone Soup version 0.29-a0-330-g52719c12eb (webtiles) character file.

Game seed: 8620421942905108940

366 Ajdolov the Ruffian (level 6, -1/32 HPs)
             Began as a Vine Stalker Warper on Apr 21, 2022.
             Was a Believer of Uskayaw.
             Slain by an orc
             ... wielding a +0 flail
              (2 damage)
             ... on level 4 of the Dungeon.
             The game lasted 00:05:30 (3717 turns).

Ajdolov the Ruffian (Vine Stalker Warper)           Turns: 3717, Time: 00:05:32

Health: -1/32      AC:  5    Str: 16    XL:     6   Next: 68%
Magic:  0/10       EV:  8    Int: 13    God:    Uskayaw [**....]
Gold:   285        SH:  0    Dex: 13    Spells: 9/9 levels left

rFire   . . .      SeeInvis +     - Unarmed
rCold   . . .      Faith    .   (no shield)
rNeg    . . .      Spirit   +   h - +0 ring mail
rPois   .          Reflect  .   (no helmet)
rElec   .          Harm     .   (no cloak)
rCorr   .          Rampage  .   (no gloves)
Will    .....                   (no boots)
Stlth   +.........              u - amulet of magic regeneration
HPRegen 0.90/turn               d - ring of see invisible
MPRegen 0.52/turn               p - ring of flight

@: flying, constricted
A: fangs 2, regeneration 1, magic shield, antimagic bite, no potion heal 2
a: Renounce Religion, Stomp, Line Pass


You were on level 4 of the Dungeon.
You worshipped Uskayaw.
Uskayaw was noncommittal.
You visited 2 branches of the dungeon, and saw 5 of its levels.

You collected 285 gold pieces.

Inventory:

Missiles
 c - 7 boomerangs of dispersal (quivered)
 o - 2 boomerangs
Armour
 h - a +0 ring mail (worn)
Jewellery
 d - a ring of see invisible (left hand)
 m - a +6 ring of intelligence
 p - a ring of flight (right hand)
 u - an amulet of magic regeneration (around neck)
Wands
 n - a wand of iceblast (12)
Scrolls
 b - 3 scrolls of blinking
 e - 5 scrolls of identify {unknown}
 g - a scroll of magic mapping {unknown}
 i - 4 scrolls of summoning {unknown}
 k - 2 scrolls of teleportation {unknown}
 r - 3 scrolls of enchant weapon {unknown}
 s - 3 scrolls of fear {unknown}
 v - a scroll of fog {unknown}
Potions
 a - a potion of lignification {unknown}
 f - a potion of haste {unknown}
 j - a potion of heal wounds
 l - a potion of curing
 q - a potion of brilliance {unknown}
 t - a potion of might {unknown}


   Skills:
 - Level 3.2 Fighting
 - Level 0.8 Throwing
 - Level 0.7 Armour
 - Level 1.5 Dodging
 * Level 5.7 Unarmed Combat
 - Level 2.4 Spellcasting
 - Level 3.0 Translocations
 + Level 1.5 Invocations


You had 9 spell levels left.
You didn't know any spells.
Your spell library contained the following spells:

 Spells                   Type           Power      Damage    Failure   Level
 Blink                    Tloc           18%        N/A       21%         2
 Gell's Gravitas          Tloc           9%         N/A       38%         3
 Lesser Beckoning         Tloc           9%         N/A       38%         3
 Teleport Other           Tloc           9%         N/A       38%         3
 Manifold Assault         Tloc           9%         N/A       98%         5


Dungeon Overview and Level Annotations

Branches:
Dungeon (4/15)             Temple (1/1) D:4

Altars:
Cheibriados
Dithmenos
Fedhas
Gozag
Hepliaklqana
Makhleb
Okawaru
Uskayaw
Vehumet
Xom
Zin
The Shining One

Shops:
D:1 (   D:2 *   D:3 :


Innate Abilities, Weirdness & Mutations

You have extremely sharp teeth.
Your natural rate of healing is unusually fast.
When hurt, damage is shared between your health and your magic reserves.
Your bite disrupts and absorbs the magic of your enemies.
Potions cannot restore your health.


Message History

The water moccasin bites you.
You can now pass through a line of other dancers.
You hit the water moccasin.
You bite the water moccasin, but do no damage.
The water moccasin is severely wounded.
You feel sick.
The ball python bites you but does no damage.
The ball python closely misses you.
The water moccasin bites you but does no damage.
The orc closely misses you. The ball python closely misses you. x2
You miss the water moccasin.
The water moccasin is severely wounded.
You feel sick.
The water moccasin completely misses you.
The orc closely misses you.
The ball python bites you but does no damage.
The ball python barely misses you.
You hit the water moccasin but do no damage.
The water moccasin is severely wounded.
You feel sick. The water moccasin bites you.
You are lethally poisoned!
The water moccasin poisons you! The ball python barely misses you.
The ball python grabs you. The ball python constricts you.
The orc hits you with a +0 flail.
It was a potion of heal wounds.
That seemed strangely inert.
* * * LOW HITPOINT WARNING * * *
You feel very sick.
The water moccasin bites you but does no damage.
The ball python bites you but does no damage.
The ball python constricts you.
* * * LOW HITPOINT WARNING * * *
The water moccasin closely misses you. The orc hits you with a +0 flail.
* * * LOW HITPOINT WARNING * * *
It was a potion of curing.
Your system rejects the healing.
You feel better. The ball python bites you.
* * * LOW HITPOINT WARNING * * *
The ball python constricts you.
The water moccasin bites you but does no damage.
The orc hits you with a +0 flail.
You die...

...........##.##.......
........................
.....................$..
.........##.............
.#......................
.#.....#................
.......#.......oo.......
.#.....#......ooSSo......
.#.............#@##.......####...
...............####.......#......
).....#........>.##.............
..#####......#........#........##
#..#............................#
.................#...#.#.........
...................###.#.........
........##.#.....###...##........
...........#...#........#........


You could see a water moccasin, an orc wizard (invisible), 4 orcs and a ball
python.

Vanquished Creatures
  A sky beast (D:3)
  A necrophage (D:4)
  A jelly (D:4)
  A gnoll shaman (D:4)
  A mummy (D:4)
  3 gnolls
  4 adders
  6 orcs (D:3)
  4 endoplasms
  3 giant cockroaches
  3 hobgoblins
  2 jackals (D:1)
  7 quokkas
  6 ball pythons
  5 bats (D:1)
  A frilled lizard (D:2)
  9 goblins
  2 hobgoblin zombies (D:4)
  14 kobolds
  A kobold zombie (D:4)
  An orc zombie (D:4)
  4 rats
80 creatures vanquished.

Notes
Turn   | Place    | Note
-------+----------+-------------------------------------------
     0 | D:1      | Ajdolov the Vine Stalker Warper began the quest for the
                  | Orb.
     0 | D:1      | Reached XP level 1. HP: 11/11 MP: 4/4
    59 | D:1      | Found a faded altar of an unknown god.
   225 | D:1      | Reached XP level 2. HP: 13/15 MP: 6/6
   835 | D:1      | Reached skill level 3 in Unarmed Combat
   877 | D:1      | Reached XP level 3. HP: 5/18 MP: 4/7
  1286 | D:1      | Found Her Moha's Weapon Shoppe.
  1716 | D:2      | Found Umasiecuj's Assorted Antiques.
  1853 | D:2      | Gained mutation: Your natural rate of healing is unusually
                  | fast. [Vine Stalker growth]
  1853 | D:2      | Reached XP level 4. HP: 15/23 MP: 8/8
  2219 | D:3      | Found Gixez's Book Shop.
  2364 | D:3      | Found a glowing golden altar of the Shining One.
  2513 | D:3      | Reached skill level 4 in Unarmed Combat
  2579 | D:3      | Noticed a sky beast
  2600 | D:3      | Killed a sky beast
  2601 | D:3      | Reached XP level 5. HP: 23/28 MP: 6/9
  2938 | D:3      | Found a burning altar of Makhleb.
  2938 | D:3      | Noticed a blizzard demon
  2941 | D:3      | Noticed a hellwing
  2941 | D:3      | Noticed an orange demon
  3126 | D:4      | Reached skill level 5 in Unarmed Combat
  3238 | D:4      | Found a staircase to the Ecumenical Temple.
  3258 | D:4      | Reached XP level 6. HP: 32/32 MP: 10/10
  3267 | Temple   | Entered the Ecumenical Temple
  3348 | Temple   | Became a worshipper of Uskayaw the Reveller
  3391 | D:4      | Reached * piety under Uskayaw
  3449 | D:4      | Reached ** piety under Uskayaw
  3497 | D:4      | Reached skill level 1 in Invocations
  3695 | D:4      | Noticed a water moccasin
  3717 | D:4      | HP: 1/32 [ball python (1)]
  3717 | D:4      | Slain by an orc

Illustrated notes

Levels and vault maps discovered:
D:1:      wander_arrival_peaceful_grave, layout_loops_corners,
          basic_ecumenical_altar, serial_shops, nicolae_shop_crystal,
          minmay_tripent
D:2:      layout_rooms, serial_shops, shop_statue
D:3:      layout_loops_corners, makhleb_altar_promises_db, tso_altar,
          serial_shops, shop, kennysheep_flooded_box
D:4:      layout_cave_pools, minmay_temple_entry_slanted, minmay_mini_ossuary
Temple:   zaba_magenta_temple

Skill      XL: |  1  2  3  4  5  6 |
---------------+-------------------+-----
Fighting       | 2 3 |  3.2
Unarmed Combat | 3 4 5 |  5.7
Invocations    | 1 |  1.5
Throwing       | |  0.8
Armour         | |  0.7
Dodging        | |  1.5
Spellcasting   | |  2.4
Translocations | |  3.0

Action                   |  1- 3 |  4- 6 || total
-------------------------+-------+-------++-------
Melee: Unarmed           |   139 |   152 ||   291
       Bite              |    24 |    45 ||    69
       Punch             |     2 |     5 ||     7
Invok: Line Pass         |       |     1 ||     1
  Use: Potion            |       |     2 ||     2
Armor: Leather armour    |    52 |       ||    52
       Ring mail         |     4 |    51 ||    55
Dodge: Dodged            |   124 |   105 ||   229

Table legend: (Time is in decaauts)
 A = Elapsed time spent in this place.
 B = Non-inter-level travel time spent in this place.
 C = Inter-level travel time spent in this place.
 D = Time resting spent in this place.
 E = Time spent auto-exploring this place.
 F = Levels seen in this place.
 G = Mean time per level.
                   A        B        C        D        E       F      G
               +--------+--------+--------+--------+--------+-----+--------+
         Total |   3696 |   3627 |     69 |      6 |   2886 |   5 |  739.2 |
       Dungeon |   3599 |   3544 |     55 |      6 |   2846 |   4 |  899.8 |
        Temple |     96 |     82 |     14 |      0 |     40 |   1 |   96.0 |
               +--------+--------+--------+--------+--------+-----+--------+

Top non-repeatable levels by time:
     D:1: 1687 daAuts
     D:3: 903 daAuts
     D:2: 522 daAuts
     D:4: 486 daAuts
  Temple: 96 daAuts
